 Dungeon Crawl Stone Soup version 0.28.0-49-g6dfe1f597d (webtiles) character file.

Game seed: 699150993749142220

79 Gabide the Poker (level 4, -3/35 HPs)
             Began as a Human Monk on May 17, 2022.
             Slain by a sky beast (6 damage)
             ... on level 3 of the Dungeon.
             The game lasted 00:03:13 (2566 turns).

Gabide the Poker (Human Monk)                       Turns: 2566, Time: 00:03:14

Health: -3/35      AC:  5    Str: 11    XL:     4   Next: 64%
Magic:  4/4        EV: 13    Int: 10    God:
Gold:   15         SH:  0    Dex: 18    Spells: 3/3 levels left

rFire   . . .      SeeInvis .   a - +0 spear
rCold   . . .      Faith    .   (no shield)
rNeg    . . .      Spirit   .   b - +0 robe
rPois   .          Reflect  .   (no helmet)
rElec   .          Harm     .   d - +0 cloak
rCorr   .          Rampage  .   (no gloves)
Will    .....                   g - +1 pair of boots
Stlth   ++........              (no amulet)
HPRegen 0.11/turn               (no ring)
MPRegen 0.09/turn               (no ring)

@: attractive
A: no striking features
a: no special abilities


You were on level 3 of the Dungeon.
You visited 1 branch of the dungeon, and saw 3 of its levels.

You collected 15 gold pieces.

Inventory:

Hand Weapons
 a - a +0 spear (weapon)
Armour
 b - a +0 robe (worn)
 d - a +0 cloak (worn)
 g - a +1 pair of boots (worn)
Wands
 f - a wand of flame (21)
Scrolls
 e - 2 scrolls of blinking


   Skills:
 - Level 3.0 Fighting
 + Level 5.1 Polearms
 - Level 3.0 Dodging
 - Level 2.0 Stealth


You had 3 spell levels left.
You didn't know any spells.
Your spell library was empty.

Dungeon Overview and Level Annotations

Branches:
Dungeon (3/15)

Altars:


Message History

The sky beast moves out of view.
You see here 7 bolts.
You reach to attack!
The helpless endoplasm fails to defend itself.
You hit the endoplasm.
The endoplasm is lightly wounded.
You reach to attack!
You hit the endoplasm.
The endoplasm is severely wounded.
You hit the endoplasm.
You kill the endoplasm!
No target in view!
There is a stone staircase leading up here.
You hit something. Something hits you. Something shocks you.
You barely miss something. You barely miss something. Something hits you.
Something shocks you.
It was a potion of heal wounds.
You feel much better. Something hits you. Something shocks you.
You barely miss something. Something hits you but does no damage.
You hit something. Something hits you but does no damage.
You barely miss something. Something hits you but does no damage.
You hit something. Something hits you but does no damage.
You closely miss something. You barely miss something. Something hits you.
Something shocks you.
You barely miss something. Something barely misses you.
You miss something. Something hits you but does no damage.
You miss something. Something hits you but does no damage.
You miss something. Something hits you. Something shocks you.
You hit something but do no damage. Something hits you but does no damage.
It was a potion of attraction.
You feel attractive to monsters. Something hits you. Something shocks you.
* * * LOW HITPOINT WARNING * * *
Okay, then.
Unknown command.
Unknown command.
Unknown command.
Something hits you.
* * * LOW HITPOINT WARNING * * *
Something shocks you.
You die...

#.###### .
...... ..
#..###.####
#.@{......
#(.##.####
#.....#.#
...#####.##
##


There were no monsters in sight!

Vanquished Creatures
  An adder (D:2)
  An ufetubus (D:2)
  2 dart slugs (D:1)
  11 ball pythons
  3 endoplasms
  4 giant cockroaches
  6 goblins
  3 hobgoblins
  2 jackals (D:2)
  2 quokkas (D:1)
  7 bats
  2 frilled lizards (D:1)
  9 kobolds
  4 rats
57 creatures vanquished.

Notes
Turn   | Place    | Note
-------+----------+-------------------------------------------
     0 | D:1      | Gabide the Human Monk began the quest for the Orb.
     0 | D:1      | Reached XP level 1. HP: 18/18 MP: 1/1
   152 | D:1      | Reached XP level 2. HP: 21/24 MP: 2/2
   378 | D:1      | Reached skill level 4 in Polearms
   378 | D:1      | Reached XP level 3. HP: 12/29 MP: 3/3
   595 | D:1      | Found a faded altar of an unknown god.
  1429 | D:2      | Reached XP level 4. HP: 35/35 MP: 4/4
  1955 | D:2      | Reached skill level 5 in Polearms
  2545 | D:3      | Noticed a sky beast
  2566 | D:3      | Slain by a sky beast

Illustrated notes

Levels and vault maps discovered:
D:1:      beargit_arrival_diablo_church, layout_rooms,
          hellmonk_ecumenical_altar_arch_garden, serial_glass, glass_columns_a,
          glass_columns_a, glass_columns_c, glass_columns_a, glass_columns_c,
          glass_columns_b, glass_columns_b, glass_columns_a
D:2:      layout_loops_cross, minmay_misc_feat_rugged, minmay_crystal_room
D:3:      layout_loops_ring, cheibrodos_sewer_entry_bend,
          amcnicky_mini_rare_corridor_liquid, kennysheep_minor_cross,
          dk_noncrumbling_3

Skill      XL: |  1  2  3  4 |
---------------+-------------+-----
Polearms       | 4 5 |  5.1
Fighting       | |  3.0
Dodging        | |  3.0
Stealth        | |  2.0

Action                   |  1- 3 |  4- 6 || total
-------------------------+-------+-------++-------
Melee: Spear             |   133 |    75 ||   208
       Punch             |     2 |       ||     2
  Use: Scroll            |     4 |     3 ||     7
       Potion            |       |     2 ||     2
 Stab: Sleeping          |     4 |     3 ||     7
       Distracted        |       |     1 ||     1
Armor: Robe              |    27 |    16 ||    43
Dodge: Dodged            |    89 |    28 ||   117
